 Dungeon Crawl Stone Soup version 0.25.0-1-g7eea58d2a3 (webtiles) character file.

Game seed: 7164173199885965264

57 Shaaah the Firebug (level 3, 0/19 HPs)
             Began as a Deep Elf Fire Elementalist on June 13, 2020.
             Succumbed to an adder's poison
             ... on level 2 of the Dungeon.
             The game lasted 00:07:03 (1354 turns).

Shaaah the Firebug (Deep Elf Fire Elementalist)     Turns: 1354, Time: 00:07:04

Health: 0/19       AC:  2    Str:  5    XL:     3   Next: 73%
Magic:  4/9        EV: 13    Int: 20    God:
Gold:   54         SH:  0    Dex: 15    Spells: 4/8 levels left

rFire    . . .     SeeInvis .   (no weapon)
rCold    . . .     Gourm    .   (no shield)
rNeg     . . .     Faith    .   a - +0 robe
rPois    .         Spirit   .   (no helmet)
rElec    .         Reflect  .   (no cloak)
rCorr    .         Harm     .   (no gloves)
MR       .....                  (no boots)
Stlth    ++........             (no amulet)
HPRegen  0.06/turn              (no ring)
MPRegen  0.11/turn              (no ring)

@: lethally poisoned (0 -> -7)
A: no striking features
a: no special abilities


You were on level 2 of the Dungeon.
You were not hungry.

You visited 1 branch of the dungeon, and saw 2 of its levels.

You collected 54 gold pieces.

Inventory:

Missiles
 i - 149 stones (quivered)
Armour
 a - a +0 robe (worn)
Wands
 l - a wand of iceblast (7)
Scrolls
 b - 2 scrolls of immolation {unknown}
 e - 3 scrolls of identify {unknown}
 g - a scroll of remove curse {unknown}
 h - a scroll of enchant weapon {unknown}
 j - a scroll of amnesia {unknown}
 m - a scroll of blinking {unknown}
 n - a scroll of teleportation {unknown}
Potions
 f - 2 potions of curing {unknown}
 k - 3 potions of degeneration {unknown}
Comestibles
 c - 6 rations
 d - 3 chunks of flesh


   Skills:
 + Level 3.2 Dodging
 - Level 2.4 Stealth
 + Level 3.0 Spellcasting
 * Level 3.0 Conjurations
 + Level 3.8 Fire Magic


You had 4 spell levels left.
You knew the following spells:

 Your Spells              Type           Power        Failure   Level  Hunger
a - Foxfire               Conj/Fire      ###.         3%          1    None
b - Conjure Flame         Conj/Fire      ###.....     11%         3    ###....

Your spell library contained the following spells:

 Spells                   Type           Power        Failure   Level  Hunger
 Inner Flame              Hex/Fire       ##......     21%         3    ###....
 Sticky Flame             Conj/Fire      ###.....     34%         4    ####...
 Fireball                 Conj/Fire      ###.......   67%         5    ######.


Dungeon Overview and Level Annotations

Branches:
Dungeon (2/15)

Altars:

Annotations:
D:2 Natasha


Message History

Natasha shimmers violently.
The adder bites you.
Casting: Conjure Flame (extremely dangerous; 11% risk of failure)
Confirm with . or Enter, or press ? or * to list all spells.
You conjure some foxfire!
The adder bites you.
You are poisoned.
The adder poisons you! Natasha closely misses you.
You feel sick.
The foxfire hits the adder.
The adder is moderately wounded.
The foxfire hits Natasha.
Natasha is lightly wounded.
Casting: Foxfire (safe; 3% risk of failure)
Confirm with . or Enter, or press ? or * to list all spells.
You conjure some foxfire!
The adder bites you.
* * * LOW HITPOINT WARNING * * *
Natasha claws you.
* * * LOW HITPOINT WARNING * * *
The adder closely misses you.
An adder comes into view.
You die...

#.................
##########.########+##'##.#
..........## #.......#
####...#.....###########.###
.......+.....'..............
.########.).#.....###########.###
>..[........'.hv..+..............
#<...####.S...#######.#######
####.# #.v.@.# #....รท.....
#.....# #.......... #<....#
#.......... #.###### #..........
S.. #.......... ###. #..........
#.......... #.#######[#
#.......#'#


You could see Natasha and 2 adders.

Vanquished Creatures
  3 adders (D:2)
  A worm (D:2)
  3 ball pythons (D:2)
  A giant cockroach (D:2)
  3 goblins
  5 hobgoblins
  2 bats
  A frilled lizard (D:2)
  4 kobolds
  8 rats
31 creatures vanquished.

Vanquished Creatures (collateral kills)
  A rat (D:1)
1 creature vanquished.

Vanquished Creatures (others)
  70 foxfires
70 creatures vanquished.

Grand Total: 102 creatures vanquished

Notes
Turn   | Place    | Note
-------+----------+-------------------------------------------
     0 | D:1      | Shaaah the Deep Elf Fire Elementalist began the quest for
                  | the Orb.
     0 | D:1      | Reached XP level 1. HP: 10/10 MP: 6/6
   450 | D:1      | Reached XP level 2. HP: 15/15 MP: 4/8
   635 | D:2      | Noticed Natasha
   892 | D:2      | Reached XP level 3. HP: 19/19 MP: 7/9
  1202 | D:2      | Learned a level 3 spell: Conjure Flame
  1354 | D:2      | Succumbed to an adder's poison

Illustrated notes

Levels and vault maps discovered:
D:1:      lightli_arrival_flooded_house, layout_basic
D:2:      layout_basic, minmay_fractal_squares_5, uniq_natasha

Skill      XL: |  1  2  3 |
---------------+----------+-----
Conjurations   | 2 3 |  3.0
Dodging        | 3 |  3.2
Stealth        | |  2.4
Spellcasting   | |  3.0
Fire Magic     | |  3.8

Action                   || total
-------------------------++-------
 Cast: Foxfire           ||    46
       Conjure Flame     ||     3
  Eat: Chunk             ||     1
Armor: Robe              ||     3
Dodge: Dodged            ||     9
